 Dungeon Crawl Stone Soup version 0.23-a0-375-g66a18ee0fb (webtiles) character file.

36 LostNumber the Sneak (level 3, -1/22 HPs)
             Began as a Kobold Assassin on Oct 27, 2018.
             Slain by a worm (9 damage)
             ... on level 2 of the Dungeon.
             The game lasted 00:02:00 (1212 turns).

LostNumber the Sneak (Kobold Assassin)              Turns: 1212, Time: 00:02:00

Health: -1/22      AC:  6    Str:  9    XL:     3   Next: 57%
Magic:  3/3        EV: 12    Int: 12    God:
Gold:   48         SH:  0    Dex: 16    Spells: 2/2 levels left

rFire    . . .     SeeInvis .   a - +2 dagger
rCold    . . .     Gourm    .   (shield restricted)
rNeg     . . .     Faith    .   l - +0 ring mail
rPois    .         Spirit   .   (no helmet)
rElec    .         Reflect  .   d - +0 cloak
rCorr    .         Harm     .   (no gloves)
MR       .....                  (no boots)
Stlth    +++.......             (no amulet)
HPRegen  0.07/turn              (no ring)
MPRegen  0.08/turn              (no ring)

@: no status effects
A: small, carnivore
a: no special abilities


You were on level 2 of the Dungeon.
You were completely stuffed.

You visited 1 branch of the dungeon, and saw 2 of its levels.

You collected 48 gold pieces.

Inventory:

Hand Weapons
 a - a +2 dagger (weapon)
 b - a +0 blowgun
Missiles
 e - 8 poisoned needles
 f - 2 curare-tipped needles
Armour
 c - a +0 robe
 d - a +0 cloak (worn)
 l - a +0 ring mail (worn)
Scrolls
 h - 2 scrolls of remove curse {unknown}
 m - a scroll of enchant weapon {unknown}
 n - a scroll of enchant armour {unknown}
 o - 3 scrolls of identify {unknown}
Potions
 i - a potion of berserk rage {unknown}
 j - 2 potions of flight {unknown}
 k - 2 potions of might {unknown}
Comestibles
 g - 5 rations
 p - 2 chunks of flesh


   Skills:
 + Level 2.6 Fighting
 * Level 3.8 Short Blades
 + Level 2.6 Throwing
 - Level 1.2 Dodging
 + Level 5.6 Stealth


You had 2 spell levels left.
You didn't know any spells.
Your spell library was empty.

Dungeon Overview and Level Annotations

Branches:
Dungeon (2/15)

Altars:


Innate Abilities, Weirdness & Mutations

You are small and have problems with some larger weapons.
You are carnivorous and can eat meat at any time.


Message History

The worm bites you but does no damage.
You hit the worm.
The worm is severely wounded.
You hit the worm.
The worm is severely wounded.
The worm bites you.
You are too injured to fight recklessly!
You are too injured to fight recklessly!
You are too injured to fight recklessly!
You hit the worm.
The worm is almost dead.
You hit the worm but do no damage.
The worm is almost dead.
The worm misses you.
You hit the worm.
The worm is almost dead.
You barely miss the worm.
The worm is almost dead.
The worm bites you!
You die...

.%... ....# #
w... .. ...####
... ....... ....
###....... .....
#<#.......
......##@........
..(.....w........
......††..)......
.........#####.##
g......... .r
.......#... .
.........%..
.............
.......$......


You could see a worm.

Vanquished Creatures
  A worm (D:1)
  2 dart slugs (D:1)
  3 leopard geckos (D:1)
  A giant cockroach (D:1)
  2 hobgoblins (D:1)
  2 bats (D:1)
  5 frilled lizards (D:1)
  5 goblins
  2 kobolds (D:1)
  6 rats
29 creatures vanquished.

Notes
Turn   | Place    | Note
-------+----------+-------------------------------------------
     0 | D:1      | LostNumber the Kobold Assassin began the quest for the Orb.
     0 | D:1      | Reached XP level 1. HP: 12/12 MP: 1/1
   352 | D:1      | Reached XP level 2. HP: 18/18 MP: 2/2
   604 | D:1      | Reached XP level 3. HP: 22/22 MP: 3/3
  1212 | D:2      | Slain by a worm

Vault maps used:
D:1:      minmay_arrival_radiant_lines
D:2:      first_ration, uniq_jessica, uniq_robin

Skill      XL: |  1 |
---------------+----+-----
Short Blades   | 3 |  3.8
Fighting       | |  2.6
Throwing       | |  2.6
Dodging        | |  1.2
Stealth        | |  5.6

Action                   || total
-------------------------++-------
Melee: Dagger            ||   120
 Stab: Sleeping          ||     7
  Eat: Chunk             ||     9
Armor: Robe              ||     9
       Ring mail         ||    19
Dodge: Dodged            ||    58

Table legend:
 A = Non-vault XP
 B = Vault XP
 C = Vault XP percentage of total XP
 D = Non-vault monster count
 E = Vault monster count
 F = Vault count percentage of total count
                 A         B        C        D         E       F
            +---------+---------+-------+---------+---------+-------
      Total |      52 |       0 |   0.0 |      29 |       0 |   0.0
            +---------+---------+-------+---------+---------+-------
        D:1 |      48 |       0 |   0.0 |      26 |       0 |   0.0
        D:2 |       4 |       0 |   0.0 |       3 |       0 |   0.0
            +---------+---------+-------+---------+---------+-------
